[Event "Titled Tuesday Blitz October 11 Early 2022"]
[White "Lopez, Henry"]
[Black "Luxama, Jacques Muller"]
[WhiteFideId "5203830"]
[BlackFideId "11900113"]
[WhiteElo "2177"]
[BlackElo "1931"]
[Result "1-0"]
[Round "03"]
[TimeControl "180+1"]
[Date "2022.10.12"]
[WhiteClock "0:01:18"]
[BlackClock "0:00:07"]

1. d4 Nf6 2. Nf3 g6 3. c4 Bg7 4. Nc3 O-O 5. e4 d6 6. Be2 Bg4 7. Be3 Nc6 8. O-O Bxf3 9. Bxf3 Nd7 10. d5 Nce5 11. Be2 Nb6 12. Qb3 Ned7 13. f3 Nc5 14. Qc2 a5 15. Rac1 Nbd7 16. b3 e5 17. a3 f5 18. b4 axb4 19. axb4 Na6 20. Qb3 f4 21. Bf2 g5 22. Nb5 b6 23. Ra1 Nf6 24. Ra4 Qc8 25. Rfa1 Qb7 26. Be1 g4 27. Qa2 gxf3 28. gxf3 c6 29. dxc6 Qxc6 30. Rxa6 Rxa6 31. Qxa6 Nxe4 32. fxe4 Qxe4 33. Bf1 f3 34. Bf2 Qg4+ 35. Kh1 e4 36. Nxd6 Qf4 37. Bg3 Qd2 38. Qa2 1-0


[Site "https://www.chess.com"]

[Event "Titled Tuesday Blitz October 11 Early 2022"]
[White "Machidon, Cristi"]
[Black "Omariev, Maksim"]
[WhiteFideId "13904590"]
[BlackFideId "4193423"]
[WhiteElo "2312"]
[BlackElo "2444"]
[Result "1-0"]
[Round "03"]
[TimeControl "180+1"]
[Date "2022.10.12"]
[WhiteClock "0:00:03"]
[BlackClock "0:00:01"]

1. d4 d5 2. c4 e6 3. Nc3 Nf6 4. cxd5 exd5 5. Bg5 Be7 6. e3 c6 7. Qc2 Bg4 8. Bd3 Bh5 9. f4 Ng4 10. h3 Nxe3 11. Qf2 Nc4 12. Bxc4 dxc4 13. Bxe7 Qxe7+ 14. Kf1 O-O 15. g4 Bg6 16. f5 Na6 17. Nf3 Nb4 18. Kg2 Nd3 19. Qg3 Nxb2 20. Rhe1 Qd7 21. Re4 Nd3 22. Ne5 Qd6 23. Nxd3 Qxg3+ 24. Kxg3 cxd3 25. Rd1 Rad8 26. Rxd3 Rd6 27. d5 Rfd8 28. fxg6 hxg6 29. Red4 a6 30. Kf4 b5 31. Ne4 Rxd5 32. Rxd5 cxd5 33. Nc5 Rd6 34. Ke5 Rf6 35. Kxd5 b4 36. Kc4 a5 37. Kb5 Rf2 38. a3 bxa3 39. Rxa3 Rh2 40. Kxa5 g5 41. Kb5 g6 42. Ne4 f5 43. Nxg5 fxg4 44. hxg4 Rg2 45. Ra4 Kg7 46. Rf4 Kh6 47. Nf7+ Kg7 48. Kc5 Re2 49. Nd6 Re6 50. Kd5 Re1 51. Ne4 Rd1+ 52. Ke5 Rg1 53. g5 Re1 54. Rf2 Rg1 55. Rd2 Rf1 56. Rd7+ Kh8 57. Nf6 Rf5+ 58. Ke6 Re5+ 59. Kf7 Re8 60. Kxg6 Rf8 61. Rh7# 1-0


[Site "https://www.chess.com"]

[Event "Titled Tuesday Blitz October 11 Early 2022"]
[White "Mamedov, Rauf"]
[Black "Dardha, Daniel"]
[WhiteFideId "13401653"]
[BlackFideId "240990"]
[WhiteElo "2650"]
[BlackElo "2528"]
[Result "1-0"]
[Round "03"]
[TimeControl "180+1"]
[Date "2022.10.11"]
[WhiteClock "0:00:15"]
[BlackClock "0:00:01"]

1. e4 e5 2. Nf3 Nc6 3. d4 exd4 4. Bc4 Bc5 5. Ng5 Nh6 6. Nxf7 Nxf7 7. Bxf7+ Kxf7 8. Qh5+ g6 9. Qxc5 d5 10. O-O dxe4 11. c3 Qd6 12. Qxd6 cxd6 13. cxd4 Nxd4 14. Nc3 Bf5 15. Bf4 Rhd8 16. Rad1 Ne6 17. Bxd6 Rd7 18. Ba3 Rad8 19. Rde1 Rd4 20. h3 h5 21. Re3 Nf4 22. f3 Rd3 23. fxe4 Rxe3 24. Rxf4 Rd4 25. Bc5 Rexe4 26. Rf1 Ke6 27. Bxa7 Rd2 28. b3 Re5 29. Bb6 Rc2 30. Bd4 Ra5 31. Re1+ Kf7 32. a4 Ra6 33. Re5 Re6 34. Rb5 Re1+ 35. Kh2 Rec1 36. Rxb7+ Kg8 37. Rg7+ Kf8 38. Rc7 Rd2 39. Be3 Rdc2 40. Bxc1 Rxc1 41. a5 Ra1 42. b4 g5 43. Rc5 Be6 44. Rxg5 Ra3 45. Ne4 Ra2 46. Rxh5 Bc4 47. Rc5 Bd3 48. Ng3 Ke7 49. Nf5+ Kf6 50. Ne3 Ra4 51. Kg3 Ke6 52. Rc6+ Kd7 53. Rb6 Ra3 54. Kf4 Be2 55. h4 Ra1 56. g4 Rg1 57. h5 Kc7 58. h6 Bd3 59. g5 Rh1 60. Ke5 Rh4 61. Nf5 Re4+ 62. Kd5 Rf4 63. Nd4 Rg4 64. Ne6+ Kc8 65. Ke5 Re4+ 66. Kf6 Re1 67. g6 Bc4 68. h7 Rh1 69. Rc6+ Kb7 70. Rxc4 Rh2 71. b5 Ka7 72. Rc7+ Kb8 73. Rf7 Ka8 74. Ke5 Re2+ 75. Kd5 Rd2+ 76. Kc6 Rc2+ 77. Kb6 Rc8 78. Nc7+ Rxc7 79. Kxc7 Ka7 80. Rf6 1-0


[Site "https://www.chess.com"]

[Event "Titled Tuesday Blitz October 11 Early 2022"]
[White "Marin Ramirez, Gerardo"]
[Black "Rodriguez Santiago, Jaime"]
[WhiteFideId "3901068"]
[BlackFideId "3100898"]
[WhiteElo "2041"]
[BlackElo "2025"]
[Result "0-1"]
[Round "03"]
[TimeControl "180+1"]
[Date "2022.10.12"]
[WhiteClock "0:00:07"]
[BlackClock "0:00:41"]

1. d4 d5 2. Nf3 Nf6 3. c4 e6 4. Nc3 c5 5. Bg5 cxd4 6. Nxd4 Be7 7. e3 dxc4 8. Bxc4 O-O 9. O-O h6 10. Bh4 Ne8 11. Bg3 a6 12. Qf3 Nd6 13. Bb3 Qb6 14. Rfd1 Nd7 15. Na4 Qa5 16. Nc6 bxc6 17. Bxd6 Bxd6 18. Rxd6 Rb8 19. Qxc6 Nf6 20. Qc5 Rb5 21. Qc2 Bb7 22. Rad1 Rg5 23. g3 Qf5 24. Qxf5 Rxf5 25. R6d4 Bf3 26. Rc1 e5 27. Rd6 Rh5 28. Bd1 e4 29. Bxf3 exf3 30. Nc3 Rb8 31. Rd2 Rc5 32. Rcd1 Kh7 33. h3 a5 34. Na4 Rc4 35. b3 Rc7 0-1


[Site "https://www.chess.com"]

[Event "Titled Tuesday Blitz October 11 Early 2022"]
[White "Martic, Ivan"]
[Black "Fernandez, Michael"]
[WhiteFideId "929301"]
[BlackFideId "5803560"]
[WhiteElo "2355"]
[BlackElo "2110"]
[Result "1-0"]
[Round "03"]
[TimeControl "180+1"]
[Date "2022.10.12"]
[WhiteClock "0:01:32"]
[BlackClock "0:00:03"]

1. d4 Nf6 2. Nf3 g6 3. Nc3 d5 4. Bf4 Bg7 5. h4 c5 6. e3 cxd4 7. exd4 Nc6 8. Be2 Bg4 9. Ne5 Bxe2 10. Nxe2 Qb6 11. Nxc6 Qxc6 12. Be5 O-O 13. c3 h6 14. Qd3 Nd7 15. Bxg7 Kxg7 16. h5 e5 17. hxg6 Qxg6 18. Qxg6+ fxg6 19. dxe5 Nxe5 20. O-O Rad8 21. Nd4 Rf6 22. Rad1 Rb8 23. Rfe1 Nc6 24. Nc2 Rd6 25. Rd2 b5 26. Red1 Rbd8 27. Nd4 Nxd4 28. Rxd4 a5 29. a4 bxa4 30. Rxa4 Rb8 31. Rd2 Rb5 32. Kf1 g5 33. Ke2 Kf6 34. Kd3 Re6 35. Kc2 Re4 36. Rxd5 1-0


[Site "https://www.chess.com"]

[Event "Titled Tuesday Blitz October 11 Early 2022"]
[White "Martinez Alcantara, Jose Eduardo"]
[Black "Yanchenko, Roman"]
[WhiteFideId "3805662"]
[BlackFideId "4137329"]
[WhiteElo "2703"]
[BlackElo "2514"]
[Result "1-0"]
[Round "03"]
[TimeControl "180+1"]
[Date "2022.10.11"]
[WhiteClock "0:02:01"]
[BlackClock "0:00:13"]

1. e4 e6 2. d4 d5 3. exd5 exd5 4. Nf3 Nf6 5. h3 h6 6. Bd3 c5 7. O-O c4 8. Re1+ Be7 9. Bf1 O-O 10. b3 cxb3 11. axb3 Nc6 12. c4 Bf5 13. Nc3 Bb4 14. Bb2 Ne4 15. Nxd5 Bxe1 16. Qxe1 Re8 17. Ne3 Bg6 18. d5 Ne7 19. Nd4 Nd6 20. Qc3 Ne4 21. Qc1 a6 22. f3 Ng3 23. Qc3 f6 24. Ne6 Qd7 25. Nxg7 Rf8 26. Ne6 Rf7 27. Ng4 Raf8 28. Nxf6+ Rxf6 29. Nxf8 Kxf8 30. Qxf6+ Ke8 31. Re1 1-0


[Site "https://www.chess.com"]

[Event "Titled Tuesday Blitz October 11 Early 2022"]
[White "Matinian, Nikita"]
[Black "Saucey, Michel"]
[WhiteFideId "24129100"]
[BlackFideId "601845"]
[WhiteElo "2422"]
[BlackElo "2253"]
[Result "1-0"]
[Round "03"]
[TimeControl "180+1"]
[Date "2022.10.12"]
[WhiteClock "0:00:41"]
[BlackClock "0:00:06"]

1. e4 c5 2. Nc3 Nc6 3. Bb5 Nd4 4. Nf3 a6 5. Bd3 Nc6 6. O-O e6 7. Re1 b5 8. a4 b4 9. Nd5 Bb7 10. b3 d6 11. Bb2 Nge7 12. Ng5 Ng6 13. Qh5 Nce5 14. Bxe5 dxe5 15. Ne3 Be7 16. Nh3 O-O 17. Nc4 Qc7 18. Re3 Nf4 19. Nxf4 exf4 20. Rh3 h6 21. Qg4 e5 22. Rh5 Bc8 23. Qf3 Bg5 24. h4 Bf6 25. Re1 Be6 26. Rf5 Bxf5 27. exf5 Rae8 28. h5 e4 29. Bxe4 Re7 30. d3 Rfe8 31. a5 Bc3 32. Re2 Bd4 33. Nb6 Qd6 34. Kf1 Qf6 35. Qg4 Bb2 36. Nd5 Qd4 37. f6 1-0


[Site "https://www.chess.com"]

[Event "Titled Tuesday Blitz October 11 Early 2022"]
[White "Matveeva, Olga"]
[Black "Ambartsumova, Karina"]
[WhiteFideId "24107018"]
[BlackFideId "4166299"]
[WhiteElo "2055"]
[BlackElo "2299"]
[Result "1-0"]
[Round "03"]
[TimeControl "180+1"]
[Date "2022.10.12"]
[WhiteClock "0:00:27"]
[BlackClock "0:00:01"]

1. d4 Nf6 2. c4 e5 3. dxe5 Ne4 4. Nf3 b6 5. e3 Bb7 6. Be2 Bb4+ 7. Nbd2 O-O 8. O-O Re8 9. a3 Bf8 10. b4 Nc3 11. Qe1 Nxe2+ 12. Qxe2 a5 13. b5 a4 14. Bb2 d6 15. Rad1 Nd7 16. exd6 Bxd6 17. e4 Qe7 18. Rfe1 Bxa3 19. Ba1 Bc5 20. Nd4 Bxd4 21. Bxd4 Nc5 22. Qg4 Ne6 23. Ba1 Qg5 24. Qg3 Red8 25. Nf3 Qxg3 26. Rxd8+ Rxd8 27. hxg3 Nc5 28. e5 Nb3 29. Bc3 Rd3 30. Bb4 Bxf3 31. gxf3 Rd4 32. e6 fxe6 33. Rxe6 Rxc4 34. Ba3 Nd2 35. Kg2 Nb1 36. Bb2 a3 37. Ba1 Kf7 38. Re2 Rb4 39. Rc2 Rxb5 40. Rxc7+ Ke6 41. Rxg7 h5 42. Ra7 Rb3 43. g4 hxg4 44. fxg4 b5 45. g5 Kf5 46. Rg7 a2 47. g6 Na3 48. Rg8 Rb4 49. g7 Nc2 50. Rf8+ Ke6 51. g8=Q+ Kd7 52. Rf7+ 1-0


[Site "https://www.chess.com"]

[Event "Titled Tuesday Blitz October 11 Early 2022"]
[White "Mesa Cruz, Juan Carlos"]
[Black "Lucas, Arthur"]
[WhiteFideId "6423400"]
[BlackFideId "26093073"]
[WhiteElo "2059"]
[BlackElo "2251"]
[Result "0-1"]
[Round "03"]
[TimeControl "180+1"]
[Date "2022.10.12"]
[WhiteClock "0:00:59"]
[BlackClock "0:00:07"]

1. e4 Nc6 2. d4 d5 3. e5 Bf5 4. c3 e6 5. Nf3 f6 6. exf6 Nxf6 7. Bf4 Bd6 8. Bxd6 Qxd6 9. Bb5 Bg4 10. Nbd2 O-O-O 11. a4 Ne4 12. Bxc6 Qxc6 13. Nxe4 Bxf3 14. Qxf3 dxe4 15. Qe3 e5 16. dxe5 Rd3 17. Qe2 Qd5 18. O-O Rd2 19. Qg4+ Kb8 20. Rfe1 Rf8 21. Re2 Rd1+ 22. Re1 Rxa1 23. Rxa1 Qd2 24. Rf1 e3 25. Qd4 exf2+ 26. Kh1 Qe2 0-1


[Site "https://www.chess.com"]

[Event "Titled Tuesday Blitz October 11 Early 2022"]
[White "Migot, Tangi"]
[Black "Pappelis, Dimitrios"]
[WhiteFideId "662445"]
[BlackFideId "4215281"]
[WhiteElo "2465"]
[BlackElo "2104"]
[Result "1-0"]
[Round "03"]
[TimeControl "180+1"]
[Date "2022.10.12"]
[WhiteClock "0:00:17"]
[BlackClock "0:00:28"]

1. e4 c5 2. Nf3 Nc6 3. Bb5 Nf6 4. Bxc6 dxc6 5. d3 Qc7 6. h3 e5 7. Be3 h6 8. Nc3 Be6 9. a3 Be7 10. O-O O-O-O 11. Nd2 g5 12. Na4 Nd7 13. b4 Rdg8 14. Nxc5 Nxc5 15. Bxc5 g4 16. Bxe7 Qxe7 17. g3 gxh3 18. Kh2 h5 19. Rg1 h4 20. Qe2 hxg3+ 21. Rxg3 Rxg3 22. fxg3 Qg5 23. Qf2 Kb8 24. Nf3 Qh5 25. Nh4 Rg8 26. Rf1 Qg5 27. a4 Rh8 28. Qf6 Qxf6 29. Rxf6 Rd8 30. Nf3 a5 31. bxa5 Ka7 32. Nxe5 Ka6 33. Nxf7 Rf8 34. Rxe6 Rxf7 35. Kxh3 Kxa5 36. g4 Kxa4 37. g5 c5 38. g6 Rg7 39. Kg4 b5 40. Kg5 Kb4 41. Kh6 Ra7 42. g7 Ra8 43. Kh7 Kc3 44. Rc6 c4 45. dxc4 bxc4 46. g8=Q 1-0


[Site "https://www.chess.com"]

[Event "Titled Tuesday Blitz October 11 Early 2022"]
[White "Mills, Morgen"]
[Black "Wirig, Anthony"]
[WhiteFideId "2013304"]
[BlackFideId "615013"]
[WhiteElo "2190"]
[BlackElo "2474"]
[Result "0-1"]
[Round "03"]
[TimeControl "180+1"]
[Date "2022.10.12"]
[WhiteClock "0:00:06"]
[BlackClock "0:00:43"]

1. e4 c5 2. Nf3 e6 3. c4 Nc6 4. Nc3 e5 5. d3 d6 6. g3 Be7 7. Bg2 f5 8. Nd5 Nf6 9. Qe2 O-O 10. O-O fxe4 11. dxe4 Bg4 12. Qe3 Nxd5 13. cxd5 Nd4 14. Nxd4 cxd4 15. Qd3 Qb6 16. f3 Bd7 17. a4 Rac8 18. f4 Qc5 19. Rf2 b5 20. axb5 Bxb5 21. Qd2 a6 22. Bh3 Rb8 23. Be6+ Kh8 24. fxe5 Rxf2 25. Qxf2 Rf8 26. Bf7 dxe5 27. Bd2 Be8 28. Rf1 Rxf7 29. Qxf7 Bxf7 30. Rxf7 Kg8 31. Rf5 Bd6 32. Kg2 Qc2 33. Rf2 Qxe4+ 0-1


[Site "https://www.chess.com"]

[Event "Titled Tuesday Blitz October 11 Early 2022"]
[White "Mindlin, Alon"]
[Black "Fernandez Siles, Luis"]
[WhiteFideId "2800071"]
[BlackFideId "2209420"]
[WhiteElo "2417"]
[BlackElo "2186"]
[Result "1-0"]
[Round "03"]
[TimeControl "180+1"]
[Date "2022.10.12"]
[WhiteClock "0:01:45"]
[BlackClock "0:00:07"]

1. d4 Nf6 2. c4 g6 3. Nc3 Bg7 4. e4 d6 5. f3 O-O 6. Be3 e5 7. Nge2 c6 8. d5 cxd5 9. cxd5 a6 10. Qd2 Nbd7 11. g4 h5 12. h3 b5 13. Ng3 h4 14. Nge2 Nh7 15. Nc1 Bb7 16. Nb3 Rc8 17. Bd3 Nb6 18. Rc1 b4 19. Ne2 a5 20. Nxa5 Rxc1+ 21. Nxc1 Bxd5 22. exd5 Nxd5 23. Nc6 Qe8 24. Nxb4 Nf4 25. Bxf4 exf4+ 26. Ne2 Bd4 27. Nd5 Be3 28. Qc3 f5 29. gxf5 gxf5 30. Rh2 Kf7 31. Qc7+ Ke6 32. Bc4 Ke5 33. Qxh7 Rg8 34. Qe7+ Qxe7 35. Nxe7 1-0


[Site "https://www.chess.com"]

[Event "Titled Tuesday Blitz October 11 Early 2022"]
[White "Mohammed, Dilshad"]
[Black "Cramling Bellon, Anna"]
[WhiteFideId "5050421"]
[BlackFideId "32009232"]
[WhiteElo "2102"]
[BlackElo "1972"]
[Result "0-1"]
[Round "03"]
[TimeControl "180+1"]
[Date "2022.10.12"]
[WhiteClock "0:00:45"]
[BlackClock "0:00:09"]

1. Nf3 d5 2. c4 d4 3. e3 c5 4. b4 Nc6 5. b5 Nb8 6. exd4 cxd4 7. Bb2 d3 8. Qb3 Bf5 9. Nd4 Be4 10. Bxd3 Bxg2 11. Rg1 Bh3 12. Be4 Bc8 13. c5 Nf6 14. Bf5 e5 15. Bxc8 exd4 16. Bf5 Bxc5 17. Rxg7 Qe7+ 18. Kf1 Nh5 19. Rg4 Nf6 20. Rxd4 Bxd4 21. Bxd4 Nbd7 22. Bxd7+ Kxd7 23. Nc3 Rae8 24. Nd5 Qe2+ 25. Kg1 Rhg8+ 26. Kh1 Qe1+ 0-1


[Site "https://www.chess.com"]

[Event "Titled Tuesday Blitz October 11 Early 2022"]
[White "Molina, Roberto Junio Brito"]
[Black "Ziatdinov, Raset"]
[WhiteFideId "2109450"]
[BlackFideId "2015323"]
[WhiteElo "2388"]
[BlackElo "2220"]
[Result "1-0"]
[Round "03"]
[TimeControl "180+1"]
[Date "2022.10.11"]
[WhiteClock "0:00:57"]
[BlackClock "0:00:13"]

1. d4 Nf6 2. Nf3 g6 3. e3 Bg7 4. Be2 O-O 5. O-O d6 6. c4 Nc6 7. b3 e5 8. Bb2 exd4 9. Nxd4 Nxd4 10. Bxd4 Re8 11. Nd2 Bd7 12. Rc1 Bc6 13. Bf3 Qd7 14. Bxc6 Qxc6 15. Qf3 Ne4 16. Nxe4 Qxe4 17. Qxe4 Rxe4 18. Bxg7 Kxg7 19. Rfd1 Re5 20. g3 a5 21. Kf1 a4 22. b4 Ra6 23. a3 f5 24. Ke2 Kf6 25. h4 Rb6 26. Rc3 Ke7 27. f4 Re4 28. Rd4 Rxd4 29. exd4 Ra6 30. Re3+ Kd7 31. Kd3 Ra8 32. d5 h6 33. b5 c6 34. dxc6+ bxc6 35. bxc6+ Kxc6 36. Kd4 Rb8 37. Re6 Rb3 38. Rxg6 Rxa3 39. c5 h5 40. Rxd6+ Kc7 41. Ra6 Rxg3 42. Rxa4 Rg4 43. Ke5 Rxh4 44. Ra6 Rh1 45. Kxf5 h4 46. Rh6 h3 47. Kg4 h2 48. Kg3 Rc1 49. Rxh2 Rxc5 50. Rd2 Rc6 51. Kg4 Rg6+ 52. Kh5 Rg8 53. f5 Rg1 54. f6 Rh1+ 55. Kg6 Rg1+ 56. Kh7 Rh1+ 57. Kg7 Rg1+ 58. Kf8 Rg4 59. f7 Rg1 60. Rd4 Kc6 61. Ke7 Re1+ 62. Kd8 Rf1 63. Rd7 Ra1 64. Ke8 Re1+ 65. Re7 Ra1 66. f8=Q Ra8+ 67. Kf7 Rxf8+ 68. Kxf8 Kd6 1-0


[Site "https://www.chess.com"]

[Event "Titled Tuesday Blitz October 11 Early 2022"]
[White "Moroni, Luca Jr"]
[Black "Kosteniuk, Alexandra"]
[WhiteFideId "865834"]
[BlackFideId "4128125"]
[WhiteElo "2573"]
[BlackElo "2469"]
[Result "1-0"]
[Round "03"]
[TimeControl "180+1"]
[Date "2022.10.11"]
[WhiteClock "0:00:31"]
[BlackClock "0:00:10"]

1. d4 f5 2. c4 Nf6 3. g3 g6 4. Bg2 Bg7 5. Nf3 O-O 6. b3 d6 7. Bb2 a5 8. Nc3 Nc6 9. O-O e5 10. dxe5 dxe5 11. e4 f4 12. Qxd8 Rxd8 13. Nd5 Nxe4 14. Rfe1 Nc5 15. Nxc7 Rb8 16. Nxe5 Nxe5 17. Bxe5 Nd3 18. Bxg7 Nxe1 19. Bf6 Nxg2 20. Bxd8 Bh3 21. Bf6 Rf8 22. Bc3 a4 23. Nd5 f3 24. bxa4 Ra8 25. a5 Bf5 26. Rd1 Kf7 27. h3 h5 28. g4 hxg4 29. hxg4 Bxg4 30. Rb1 Rc8 31. Rxb7+ Ke6 32. Rb6+ Kf5 33. Ne7+ Kf4 34. Nxc8 1-0


[Site "https://www.chess.com"]

[Event "Titled Tuesday Blitz October 11 Early 2022"]
[White "Mortazavi, Ali"]
[Black "Onslow, Alfie"]
[WhiteFideId "401323"]
[BlackFideId "436976"]
[WhiteElo "2339"]
[BlackElo "2015"]
[Result "1-0"]
[Round "03"]
[TimeControl "180+1"]
[Date "2022.10.12"]
[WhiteClock "0:00:09"]
[BlackClock "0:00:17"]

1. Nf3 c5 2. g3 Nc6 3. Bg2 e5 4. O-O Nf6 5. d3 Be7 6. e4 O-O 7. Bg5 d6 8. Bxf6 Bxf6 9. Nc3 Be6 10. a4 g6 11. Nd2 Bg7 12. Nc4 f5 13. exf5 gxf5 14. Bd5 Qd7 15. Re1 f4 16. Bxe6+ Qxe6 17. Nb5 d5 18. Nd2 Qh3 19. Qf3 Rad8 20. c3 fxg3 21. Qxg3 Qh6 22. Nf3 Kh8 23. Kh1 Rf4 24. Rg1 Rdf8 25. Ng5 Rxf2 26. Rg2 Rf1+ 27. Rg1 Rxa1 28. Rxa1 Bf6 29. Rg1 Rg8 30. Nf7# 1-0


[Site "https://www.chess.com"]

[Event "Titled Tuesday Blitz October 11 Early 2022"]
[White "Mrudul Dehankar"]
[Black "Manukyan, Artyom"]
[WhiteFideId "25096990"]
[BlackFideId "13305786"]
[WhiteElo "2068"]
[BlackElo "2078"]
[Result "1-0"]
[Round "03"]
[TimeControl "180+1"]
[Date "2022.10.12"]
[WhiteClock "0:00:07"]
[BlackClock "0:00:27"]

1. e4 c6 2. d4 d5 3. Nc3 dxe4 4. Nxe4 Nf6 5. Nxf6+ exf6 6. Nf3 Bd6 7. Be3 Bf5 8. Qd2 Nd7 9. O-O-O Qc7 10. Kb1 O-O-O 11. Ka1 Rhe8 12. Nh4 Bg6 13. Nxg6 hxg6 14. Be2 Nb6 15. c4 c5 16. d5 Kb8 17. Qa5 Be5 18. Qa3 Bd4 19. Bxd4 cxd4 20. Qd3 Rc8 21. b3 Nd7 22. Bf3 Nc5 23. Qxd4 Qa5 24. Kb2 Qb4 25. d6 Red8 26. Rhe1 a5 27. Re7 a4 28. Qc3 Qb6 29. b4 Rxd6 30. Rxd6 Qxd6 31. Rxf7 Nd3+ 32. Kb1 Rc7 33. Rxc7 Kxc7 34. c5 Qd7 35. c6 bxc6 36. b5 c5 37. Qa5+ Kd6 38. Qb6+ Ke7 39. Bc6 Qd4 40. Qb7+ Kd6 41. Qb8+ Ke6 42. Qe8+ Kf5 43. Bd7+ Kg5 44. Qe3+ Qxe3 45. fxe3 Nb4 46. Be6 a3 47. b6 f5 48. b7 Na6 49. Kc2 Kf6 50. Bc4 Nb8 51. Kb3 Ke5 52. Kxa3 Ke4 53. Ka4 Kxe3 54. Kb5 Kd4 55. a4 f4 56. a5 g5 57. a6 g4 58. a7 f3 59. gxf3 gxf3 60. axb8=Q f2 61. Qf4+ 1-0


[Site "https://www.chess.com"]

[Event "Titled Tuesday Blitz October 11 Early 2022"]
[White "Navalgund, Niranjan"]
[Black "Costachi, Mihnea"]
[WhiteFideId "5030854"]
[BlackFideId "1217518"]
[WhiteElo "2294"]
[BlackElo "2437"]
[Result "0-1"]
[Round "03"]
[TimeControl "180+1"]
[Date "2022.10.12"]
[WhiteClock "0:01:46"]
[BlackClock "0:00:22"]

1. e4 c6 2. Nc3 g6 3. Nf3 d5 4. h4 d4 5. Ne2 c5 6. h5 Bg7 7. hxg6 hxg6 8. Rxh8 Bxh8 9. Ng3 Bg4 10. Bc4 e6 11. d3 Nc6 12. Ke2 Qf6 13. Qh1 Ne5 14. Bb5+ Ke7 15. Bg5 Qxg5 16. Qxh8 Qf4 17. Qh4+ g5 18. Qh1 a6 19. Bc4 b5 20. Bb3 c4 21. Nh5 Bxh5 22. Qxh5 Nxf3 23. gxf3 Nf6 24. Qh6 cxb3 25. axb3 Rc8 26. Kd1 Qxf3+ 27. Kc1 Qxf2 28. Kb1 Rxc2 29. Rxa6 Rxb2+ 30. Ka1 Re2 31. Ra7+ Nd7 32. Qxg5+ Kd6 33. Rxd7+ Kxd7 34. Qxb5+ Ke7 35. Qc5+ Kf6 36. e5+ Kf5 37. Qc1 Re1 0-1


[Site "https://www.chess.com"]

[Event "Titled Tuesday Blitz October 11 Early 2022"]
[White "Nozdrachev, Leonid"]
[Black "Polanco Nunez, Yoel Estarling"]
[WhiteFideId "24113433"]
[BlackFideId "6401783"]
[WhiteElo "2249"]
[BlackElo "2132"]
[Result "1-0"]
[Round "03"]
[TimeControl "180+1"]
[Date "2022.10.12"]
[WhiteClock "0:01:29"]
[BlackClock "0:01:19"]

1. e4 c5 2. Nf3 d6 3. d4 cxd4 4. Nxd4 Nf6 5. Nc3 a6 6. Nb3 g6 7. Bg5 Bg7 8. e5 dxe5 9. Qxd8+ Kxd8 10. O-O-O+ Nbd7 11. Nd5 b6 12. Nxb6 Rb8 13. Nxc8 Kxc8 14. Bxa6+ Kc7 15. Rd3 Ne4 16. Bxe7 Nxf2 17. Rc3+ Kb6 18. Rf1 Ne4 19. Rd3 Bh6+ 20. Kb1 Kxa6 21. Rxd7 f5 22. Nc5+ Nxc5 23. Bxc5 Rhc8 24. Rxh7 Bd2 25. Bd6 Bc3 26. b3 Rb6 27. Rc7 Rxc7 28. Bxc7 Re6 29. Kc1 e4 30. Kd1 e3 31. Ke2 Rc6 32. Bf4 Bd4 33. c4 Re6 34. Rf3 Re4 35. Bxe3 g5 36. Kd3 g4 37. Rxf5 Rxe3+ 38. Kxd4 Re2 39. g3 Rxh2 40. Rg5 Rxa2 41. Rxg4 Ka5 42. Kc3 Rf2 43. Rg5+ Ka6 44. Kb4 Rf3 45. Rg6+ Kb7 46. g4 Kc7 47. g5 1-0


[Site "https://www.chess.com"]

[Event "Titled Tuesday Blitz October 11 Early 2022"]
[White "Obrien, Matthew"]
[Black "Van Foreest, Jorden"]
[WhiteFideId "2059150"]
[BlackFideId "1039784"]
[WhiteElo "2543"]
[BlackElo "2649"]
[Result "0-1"]
[Round "03"]
[TimeControl "180+1"]
[Date "2022.10.12"]
[WhiteClock "0:01:42"]
[BlackClock "0:01:45"]

1. e4 c5 2. Nf3 d6 3. d4 cxd4 4. Nxd4 Nf6 5. Nc3 a6 6. Be3 Nbd7 7. g4 h6 8. Rg1 g5 9. Qd2 b5 10. Nc6 Qc7 11. Nd5 Qxc6 12. a4 bxa4 13. Rxa4 Qxa4 14. Nc7+ Kd8 15. Nxa8 Bb7 16. Nb6 Nxb6 17. Bxb6+ Kd7 18. f3 Bg7 19. e5 Nd5 20. Bd4 Rc8 21. c4 Nf4 22. exd6 Bxd4 23. Qxd4 Qb4+ 24. Kf2 Qxd6 25. Qxd6+ exd6 26. b4 a5 27. bxa5 Rc5 28. h4 Rxa5 29. hxg5 hxg5 30. Rh1 Ra2+ 31. Ke3 Ra3+ 32. Kd2 Bxf3 33. Rh7 Ke6 34. Rh6+ Ke5 35. Rh7 Bxg4 36. Rxf7 Be6 37. Rg7 g4 38. Rg5+ Ke4 39. c5 dxc5 40. Rxc5 g3 41. Rg5 Kf3 0-1


[Site "https://www.chess.com"]

[Event "Titled Tuesday Blitz October 11 Early 2022"]
[White "Orlov, Georgi"]
[Black "Jiganchine, Roman"]
[WhiteFideId "2011271"]
[BlackFideId "2603667"]
[WhiteElo "2575"]
[BlackElo "2288"]
[Result "1-0"]
[Round "03"]
[TimeControl "180+1"]
[Date "2022.10.12"]
[WhiteClock "0:01:28"]
[BlackClock "0:00:09"]

1. e4 c6 2. Nf3 d5 3. Nc3 dxe4 4. Nxe4 Nf6 5. Nxf6+ exf6 6. Bc4 Bd6 7. Qe2+ Be7 8. d4 O-O 9. O-O Bg4 10. c3 a5 11. a4 Na6 12. h3 Bh5 13. g4 Bg6 14. Nh4 Nc7 15. f4 f5 16. g5 Re8 17. Qf3 b5 18. Bb3 c5 19. Be3 cxd4 20. Bxd4 b4 21. Rad1 Qb8 22. Kh2 Ra6 23. Be5 Qc8 24. Bc4 Rb6 25. Rfe1 Ne6 26. Bb5 Rd8 27. Rxd8+ Bxd8 28. Rd1 Nc5 29. cxb4 axb4 30. Qd5 Ne6 31. Bd7 Qc2+ 32. Rd2 Qe4 33. Bxe6 1-0


[Site "https://www.chess.com"]

[Event "Titled Tuesday Blitz October 11 Early 2022"]
[White "Orzech, Dominik"]
[Black "Malek, Jan"]
[WhiteFideId "1115065"]
[BlackFideId "21864080"]
[WhiteElo "2272"]
[BlackElo "2255"]
[Result "0-1"]
[Round "03"]
[TimeControl "180+1"]
[Date "2022.10.12"]
[WhiteClock "0:00:05"]
[BlackClock "0:00:07"]

1. Nf3 d5 2. c4 d4 3. g3 Nc6 4. Bg2 Bf5 5. d3 e6 6. O-O Nf6 7. Na3 h6 8. Nc2 a5 9. b3 Bc5 10. Rb1 O-O 11. a3 Qd6 12. Re1 Rfd8 13. Qd2 e5 14. b4 axb4 15. axb4 Ba7 16. c5 Qe7 17. b5 Nb8 18. b6 Nd5 19. bxa7 Rxa7 20. Bb2 Nc6 21. Rec1 Ra2 22. Nfe1 Qxc5 23. Nxd4 Qxd4 24. Rxc6 bxc6 25. e4 Qb6 26. exd5 Rb8 27. Qc3 Rxb2 28. Rxb2 Qxb2 29. Qxc6 Qa1 30. h3 Qxe1+ 31. Kh2 Qa5 32. d4 exd4 33. Qc4 Qb6 34. Qc1 d3 35. Qf4 Bg6 36. h4 Qd6 37. h5 Qxf4 38. gxf4 d2 39. hxg6 d1=Q 0-1


[Site "https://www.chess.com"]

[Event "Titled Tuesday Blitz October 11 Early 2022"]
[White "Osinenko, Anton"]
[Black "Ozen, Bahadir"]
[WhiteFideId "4158970"]
[BlackFideId "6337058"]
[WhiteElo "2294"]
[BlackElo "2503"]
[Result "0-1"]
[Round "03"]
[TimeControl "180+1"]
[Date "2022.10.12"]
[WhiteClock "0:00:04"]
[BlackClock "0:01:23"]

1. e4 d6 2. d4 g6 3. Bd3 Bg7 4. Ne2 Nf6 5. O-O O-O 6. f4 e5 7. fxe5 dxe5 8. d5 c6 9. c4 b5 10. dxc6 bxc4 11. Bxc4 Qb6+ 12. Kh1 Nxc6 13. Nbc3 Ng4 14. Qe1 Ne3 15. Nd5 Nxd5 16. Bxd5 Bb7 17. Qf2 Qa6 18. Be3 Nb4 19. Bxf7+ Kh8 20. Bc5 Nd3 21. Qe3 Nxc5 22. Qxc5 Qxe2 23. Rae1 Qa6 24. Qe7 Rae8 25. Qh4 Rd8 26. Rf3 Rd7 27. Rh3 h6 28. Bb3 Rf1+ 0-1


[Site "https://www.chess.com"]